 Dungeon Crawl Stone Soup version 0.18.1-6-gd335043 (webtiles) character file.

14 rutigerpupkin the Digger (level 2, 0/15 HPs)
             Began as a Gargoyle Earth Elementalist on May 16, 2016.
             Slain by a jackal (1 damage)
             ... on level 1 of the Dungeon.
             The game lasted 00:01:25 (485 turns).

rutigerpupkin the Digger (GrEE)                      Turns: 485, Time: 00:01:27

Health: 0/15       AC:  4    Str: 11    XL:     2   Next: 41%
Magic:  0/5        EV: 12    Int: 15    God:
Gold:   34         SH:  0    Dex: 10    Spells: 1 memorised, 4 levels left

rFire  . . .     SeeInvis .     h - +0 hand axe
rCold  . . .     Gourm    .     a - +0 robe
rNeg   + . .     Faith    .     (no shield)
rPois  ∞         Spirit   .     (no helmet)
rElec  +         Dismiss  .     (no cloak)
rCorr  .         Reflect  .     (no gloves)
SustAt .         Harm     .     (no boots)
MR     .....                    (no amulet)
Stlth  ++........               (no ring)
                                (no ring)

@: not resistant to hostile enchantments, unstealthy
A: negative energy resistance 1, electricity resistance, unbreathing,
petrification resistance, rot immunity, AC +2
a: no special abilities


You were on level 1 of the Dungeon.
You were not hungry.

You visited 1 branch of the dungeon, and saw 1 of its levels.

You collected 34 gold pieces.

Inventory:

Hand Weapons
 h - a +0 hand axe (weapon)
Missiles
 b - 83 stones (quivered)
Armour
 a - a +0 robe (worn)
Jewellery
 g - an uncursed amulet of guardian spirit {unknown}
 l - a +3 ring of slaying {unknown}
Scrolls
 j - a scroll of teleportation {unknown}
Potions
 e - a potion of haste {unknown}
 f - a potion of berserk rage {unknown}
 k - 2 potions of heal wounds {unknown}
Books
 c - a book of Geomancy

   Spells                             Type                      Level
   a - Sandblast                      Earth                        1
   b - Passwall                       Transmutation/Earth          2
   c - Stone Arrow                    Conjuration/Earth            3
   d - Petrify                        Transmutation/Earth          4
   e - Lee's Rapid Deconstruction     Earth                        5
Comestibles
 d - a bread ration
 i - a beef jerky
 m - 3 chunks of flesh


   Skills:
 - Level 1.5 Dodging
 - Level 2.1 Stealth
 + Level 2.2 Spellcasting
   Level 0.7 Transmutations
 * Level 4.2 Earth Magic


You had 4 spell levels left.
You knew the following spells:

 Your Spells              Type           Power        Failure   Level  Hunger
a - Sandblast             Erth           ##....       4%          1    #......


Dungeon Overview and Level Annotations

Branches:
Dungeon (1/15)

Altars:


Innate Abilities, Weirdness & Mutations

You are resistant to torment.
Your stone body is resilient (AC +2).
You are immune to poison.
You resist negative energy.
You are resistant to electric shocks.
You can survive without breathing.
You are immune to petrification.
You are immune to rotting.


Message History

The jackal closely misses you. The jackal bites you.
* * * LOW HITPOINT WARNING * * *
You closely miss the jackal.
The jackal is moderately wounded.
The jackal bites you but does no damage.
You barely miss the jackal.
The jackal is moderately wounded.
The jackal completely misses you. The jackal barely misses you.
You hit the jackal but do no damage.
The jackal is moderately wounded.
The jackal bites you.
* * * LOW HITPOINT WARNING * * *
The jackal barely misses you.
You barely miss the jackal.
The jackal is moderately wounded.
The jackal misses you. The jackal closely misses you.
You hit the jackal but do no damage.
The jackal is moderately wounded.
The jackal bites you.
You die...

#.....# #.# ###...# #...#
#...# #.....#### #...# #
........# #...#
.#......#.###...##
#.#............... .
#.#.#............. ....#
##@#.##............
.....###h##.##.##.###...##
#.....h.#.......# #...#
#.##.##.#.##.#### #...#
#.##.#.##.# ###...##
#...).....# #......#
#.##......#### #.#....#
#.......### #.#.....
#.......####### #.......


You could see 2 jackals.

Vanquished Creatures
  A dart slug (D:1)
  A ball python (D:1)
  2 goblins (D:1)
  3 jackals (D:1)
  A kobold (D:1)
  A giant newt (D:1)
  A rat (D:1)
10 creatures vanquished.

Notes
Turn   | Place    | Note
--------------------------------------------------------------
     0 | D:1      | rutigerpupkin the Gargoyle Earth Elementalist began the quest for the Orb.
     0 | D:1      | Reached XP level 1. HP: 10/10 MP: 3/3
   189 | D:1      | Reached skill level 4 in Earth Magic
   214 | D:1      | Reached XP level 2. HP: 14/15 MP: 0/5
   485 | D:1      | Slain by a jackal

Skill      XL: |  1 |
---------------+----+-----
Earth Magic    | 4 |  4.2
Dodging        | |  1.5
Stealth        | |  2.1
Spellcasting   | |  2.2
Transmutations | |  0.7

Action                   || total
-------------------------++-------
Melee: Hand axe          ||    18
 Cast: Sandblast         ||    18
Armor: Robe              ||    12
Dodge: Dodged            ||    26
